 Dungeon Crawl Stone Soup version 0.27-a0-448-gace5c5693b (webtiles) character file.

Game seed: 11813155366263657915

7935 pokeman the Thaumaturge (level 11, 0/61 HPs)
             Began as a Deep Elf Hedge Wizard on Feb 28, 2021.
             Was a Priest of Vehumet.
             Slain by a manticore (9 damage)
             ... on level 9 of the Dungeon.
             The game lasted 00:25:30 (11610 turns).

pokeman the Thaumaturge (Deep Elf Hedge Wizard)    Turns: 11610, Time: 00:25:31

Health: 0/61       AC:  5    Str:  7    XL:     11   Next: 3%
Magic:  28/31      EV: 12    Int: 29    God:    Vehumet [***...]
Gold:   512        SH:  0    Dex: 14    Spells: 24/38 levels left

rFire    . . .     SeeInvis +   u - +6 whip "Seqitt" {elec, Will- Int+6 SInv}
rCold    . . .     Faith    .   (no shield)
rNeg     . . .     Spirit   .   k - +0 leather armour
rPois    .         Reflect  .   v - +0 helmet
rElec    .         Harm     .   (no cloak)
rCorr    +         Rampage  .   P - +0 pair of gloves
Will     .....                  (no boots)
Stlth    ++........             y - amulet of magic regeneration
HPRegen  0.20/turn              r - +4 ring of slaying
MPRegen  0.47/turn              O - ring of resist corrosion

@: lethally poisoned (0 -> -1)
A: no striking features
a: Renounce Religion


You were on level 9 of the Dungeon.
You worshipped Vehumet.
Vehumet was most pleased with you.
You visited 2 branches of the dungeon, and saw 10 of its levels.
You also visited: Ossuary.

You collected 512 gold pieces.

Inventory:

Hand Weapons
 u - the +6 whip "Seqitt" (weapon) {elec, Will- Int+6 SInv}
   (You took it off a kobold brigand on level 3 of the Dungeon)

   Occasionally, upon striking a foe, it can discharge electrical energy and
   cause terrible harm.
   It affects your intelligence (+6).
   It affects your willpower, your defense against some magical effects.
   It lets you see invisible.
 D - a +0 shortbow
Missiles
 b - 219 arrows
 d - 156 bolts
 s - 4 curare-tipped darts
Armour
 k - a +0 leather armour (worn)
 v - a +0 helmet (worn)
 P - a +0 pair of gloves (worn)
Magical Staves
 J - a staff of air
 N - a staff of fire
Jewellery
 r - a +4 ring of slaying (left hand)
 y - an amulet of magic regeneration (around neck)
 F - a ring of flight
 K - a ring of ice
 O - a ring of resist corrosion (right hand)
Wands
 a - a wand of acid (9)
 p - a wand of paralysis (12)
 A - a wand of flame (11)
 L - a wand of mindburst (7)
 M - a wand of iceblast (5)
 Q - a wand of charming (6)
Scrolls
 e - a scroll of fear {unknown}
 f - 7 scrolls of random uselessness {unknown}
 g - 4 scrolls of teleportation {unknown}
 i - 7 scrolls of identify {unknown}
 m - a scroll of blinking {unknown}
 n - 4 scrolls of magic mapping {unknown}
 o - 8 scrolls of immolation {unknown}
 w - a scroll of fog {unknown}
 x - 2 scrolls of amnesia {unknown}
 G - 2 scrolls of enchant armour {unknown}
 H - 2 scrolls of noise {unknown}
 R - a scroll of vulnerability {unknown}
Potions
 c - 2 potions of brilliance {unknown}
 h - 5 potions of curing
 j - 3 potions of haste {unknown}
 l - a potion of magic {unknown}
 q - a potion of invisibility {unknown}
 t - 2 potions of lignification {unknown}
 z - a potion of heal wounds {unknown}
 B - a potion of resistance {unknown}
 C - a potion of might
 E - 2 potions of flight {unknown}
 I - 6 potions of degeneration {unknown}


   Skills:
 - Level 4.0 Fighting
 + Level 4.3 Armour
 - Level 3.0 Dodging
 - Level 3.1 Stealth
 * Level 14.1 Spellcasting
 + Level 8.4 Conjurations
 - Level 1.1 Summonings
 - Level 1.1 Translocations
 + Level 7.7 Fire Magic
 - Level 1.2 Air Magic
 - Level 1.1 Poison Magic
 - Level 1.0 Evocations


You had 24 spell levels left.
You knew the following spells:

 Your Spells              Type           Power        Failure   Level
a - Magic Dart            Conj           100%         1%          1
b - Mephitic Cloud        Conj/Pois/Air  41%          1%          3
c - Call Imp              Summ           26%          3%          2
d - Blink                 Tloc           N/A          3%          2
e - Conjure Flame         Conj/Fire      61%          1%          3
f - Stone Arrow           Conj/Erth      88%          1%          3

Your spell library contained the following spells:

 Spells                   Type           Power        Failure   Level
 Iskenderun's Mystic Bla  Conj/Tloc      48%          1%          4
 Dazzling Flash           Conj/Hex       88%          1%          3
 Animate Skeleton         Necr           40%          3%          1
 Corona                   Hex            22%          3%          1
 Pain                     Necr           80%          3%          1
 Ensorcelled Hibernation  Hex/Ice        40%          5%          2
 Slow                     Hex            20%          5%          2
 Confusing Touch          Hex            20%          11%         3
 Tukima's Dance           Hex            20%          11%         3
 Vampiric Draining        Necr           10%          11%         3
 Animate Dead             Necr           10%          34%         4
 Agony                    Necr           20%          67%         5


Dungeon Overview and Level Annotations

Branches:
Dungeon (9/15)             Temple (1/1) D:5             Orc (0/2) D:9
Ossuary (visited)
   Lair: D:8-11

Altars:
Ashenzari
Cheibriados
Gozag
Nemelex Xobeh
Okawaru
Sif Muna
Trog
Vehumet
Xom
Yredelemnul
Zin

Annotations:
D:9 1 runed translucent door, exclusion: door


Message History

The manticore is engulfed in noxious fumes.
The manticore appears confused.
The manticore barely misses something.
The manticore claws something.
The manticore completely misses something.
Unknown command.
You feel sick.
The manticore is engulfed in noxious fumes.
The manticore appears confused.
The manticore bites you! The manticore misses you. x2
The killer bee is engulfed in noxious fumes.
The killer bee appears confused.
The killer bee stings the manticore.
The killer bee stings itself!
Unknown command.
You hit the manticore but do no damage.
The manticore is lightly wounded.
The killer bee is engulfed in noxious fumes.
The killer bee stings the manticore.
The manticore is engulfed in noxious fumes.
The manticore bites you!
* * * LOW HITPOINT WARNING * * *
The manticore closely misses you. The manticore claws you.
* * * LOW HITPOINT WARNING * * *
Unknown command.
Unknown command.
Casting: Mephitic Cloud (safe; 1% risk of failure)
Confirm with . or Enter, or press ? or * to list all spells.
Aiming: Stone Arrow (safe; 1% risk of failure)
Press: ? - help, Shift-Dir - straight line, f/p - killer bee
Aim: a killer bee (noxious fumes, almost dead, confused, 21% to evade)
The stone arrow hits the manticore!
The manticore is moderately wounded.
The killer bee is engulfed in noxious fumes.
The killer bee appears confused.
The killer bee stings the manticore.
The killer bee is engulfed in noxious fumes.
The killer bee appears confused.
The killer bee barely misses the manticore.
The manticore is engulfed in noxious fumes.
The manticore bites you but does no damage.
The manticore claws you!
You die...

.....# .o.. ######
.... # ..... ####
.....# ####..#
....#
...#.#######...##
##.#.##....##)y5#
#.........###.H##
####.##..#...###@#
.....##..#.#.....#
.........#.#######
########.#.# ....#
#.#.# ###.# #.#.#
#.# #.#.# #.#
#.#.# #.# #...#


You could see a manticore (confused, very poisoned), a killer bee (confused) and
a shadow imp.

Vanquished Creatures
  Erica (D:8)
  A two-headed ogre (D:9)
  A wizard (D:9)
  A cyclops (D:8)
  A komodo dragon (D:8)
  Prince Ribbit (D:5)
  Sigmund (D:5)
  A wyvern (D:8)
  4 yaks (D:9)
  2 wargs
  Edmund (D:5)
  Duvessa (D:6)
  A water moccasin (D:7)
  3 orc warriors
  An ice beast (D:8)
  4 centaurs
  7 ogres
  2 phantoms
  3 kobold brigands
  The ghost of kniiight the Sneak, an amateur SpEn (D:3)
  6 bullfrogs
  Dowan (D:6)
  3 scorpions
  9 killer bees (D:8)
  A howler monkey (D:4)
  A quasit (D:9)
  2 bullfrog zombies (D:8)
  5 hounds
  2 bullfrog skeletons
  A centaur zombie (Ossuary)
  A human zombie (Ossuary)
  An orc priest (D:9)
  3 iguanas
  4 orc wizards
  9 worker ants
  2 hound zombies
  A hound skeleton (D:7)
  5 mummies (Ossuary)
  10 adders
  A howler monkey skeleton (D:4)
  2 shadow imps (D:6)
  2 white imps
  3 ufetubi
  An ooze (D:6)
  An adder skeleton (D:6)
  A worm (D:2)
  2 dart slugs (D:1)
  6 leopard geckos (D:8)
  23 orcs
  2 ball pythons
  4 giant cockroaches
  A gnoll zombie (Ossuary)
  8 goblins
  3 hobgoblins
  6 jackals
  2 quokkas
  4 bats
  8 frilled lizards
  13 kobolds
  2 kobold zombies (Ossuary)
  3 orc zombies (Ossuary)
  3 rats
206 creatures vanquished.

Vanquished Creatures (collateral kills)
  An orc warrior (D:8)
  A killer bee (D:8)
  A mummy (Ossuary)
  2 kobolds (D:3)
5 creatures vanquished.

Vanquished Creatures (others)
  A killer bee (D:8)
  3 fungi (D:3)
  7 plants
11 creatures vanquished.

Grand Total: 222 creatures vanquished

Notes
Turn   | Place    | Note
-------+----------+-------------------------------------------
     0 | D:1      | pokeman the Deep Elf Hedge Wizard began the quest for the
                  | Orb.
     0 | D:1      | Reached XP level 1. HP: 10/10 MP: 7/7
   349 | D:1      | Reached XP level 2. HP: 16/16 MP: 3/9
   435 | D:1      | You fall into a shaft and drop 1 floor!
   604 | D:2      | Found an opulent altar of Gozag.
   700 | D:2      | Reached skill level 5 in Spellcasting
   988 | D:1      | Reached XP level 3. HP: 20/20 MP: 9/11
   992 | D:1      | Learned a level 3 spell: Mephitic Cloud
   995 | D:1      | Learned a level 2 spell: Call Imp
   998 | D:1      | Learned a level 2 spell: Blink
  1002 | D:1      | Learned a level 3 spell: Conjure Flame
  1916 | D:3      | Reached skill level 1 in Armour
  2001 | D:3      | Reached skill level 1 in Fighting
  2229 | D:3      | Reached XP level 4. HP: 25/25 MP: 9/13
  2419 | D:3      | Found a runed translucent gate.
  2420 | D:3      | Found a runed translucent gate.
  2421 | D:3      | Found a runed translucent gate.
  2421 | D:3      | Noticed kniiight's ghost (amateur SpEn)
  2422 | D:3      | Identified the +6 whip "Seqitt" {elec, Will- Int+6 SInv}
  2422 | D:3      | Noticed a kobold brigand
  2557 | D:3      | Noticed a sky beast
  3118 | D:3      | Killed kniiight's ghost
  3119 | D:3      | Reached skill level 6 in Spellcasting
  3119 | D:3      | Reached skill level 1 in Fire Magic
  3119 | D:3      | Reached XP level 5. HP: 14/29 MP: 12/15
  3576 | D:4      | Reached skill level 1 in Air Magic
  3576 | D:4      | Reached XP level 6. HP: 34/34 MP: 9/17
  3992 | D:4      | Found a shimmering altar of Xom.
  4010 | D:4      | Reached skill level 7 in Spellcasting
  4010 | D:4      | Reached skill level 1 in Poison Magic
  4010 | D:4      | Reached skill level 1 in Evocations
  4339 | D:5      | Entered Level 5 of the Dungeon
  4436 | D:5      | Reached XP level 7. HP: 33/38 MP: 14/20
  4506 | D:5      | Noticed Edmund
  4528 | D:5      | Killed Edmund
  4569 | D:5      | Reached skill level 8 in Spellcasting
  4695 | D:5      | Found a basalt altar of Yredelemnul.
  4809 | D:5      | Found a staircase to the Ecumenical Temple.
  4902 | Temple   | Entered the Ecumenical Temple
  4920 | Temple   | Became a worshipper of Vehumet
  5042 | D:5      | Noticed Sigmund
  5042 | D:5      | Noticed Prince Ribbit
  5054 | D:5      | Killed Prince Ribbit
  5071 | D:5      | Killed Sigmund
  5072 | D:5      | Reached skill level 9 in Spellcasting
  5072 | D:5      | Reached XP level 8. HP: 44/44 MP: 23/23
  5123 | D:5      | Found a bloodstained altar of Trog.
  5734 | D:6      | Reached skill level 5 in Conjurations
  6054 | D:6      | Reached skill level 10 in Spellcasting
  6291 | D:6      | Noticed Duvessa
  6296 | D:6      | Noticed Dowan
  6306 | D:6      | Killed Duvessa
  6316 | D:6      | Killed Dowan
  6321 | D:6      | Reached * piety under Vehumet
  6321 | D:6      | Offered knowledge of Sandblast by Vehumet.
  6322 | D:6      | Reached XP level 9. HP: 48/48 MP: 17/25
  6903 | D:7      | Reached skill level 5 in Fire Magic
  6928 | D:7      | Found a sand-covered staircase.
  6933 | Ossuary  | Entered an ossuary
  7064 | Ossuary  | Reached skill level 11 in Spellcasting
  8445 | D:8      | Offered knowledge of Searing Ray by Vehumet.
  8694 | D:8      | Reached ** piety under Vehumet
  9058 | D:8      | Noticed a cyclops
  9077 | D:8      | Killed a cyclops
  9078 | D:8      | Reached skill level 12 in Spellcasting
  9086 | D:8      | Noticed Erica
  9102 | D:8      | Killed Erica
  9103 | D:8      | Reached XP level 10. HP: 36/56 MP: 23/28
  9709 | D:8      | Offered knowledge of Stone Arrow by Vehumet.
  9714 | D:8      | Learned a level 3 spell: Stone Arrow
 10087 | D:9      | Found a staircase to the Orcish Mines.
 10096 | D:8      | Reached skill level 13 in Spellcasting
 10618 | D:9      | Noticed a wizard
 10621 | D:9      | Killed a wizard
 10646 | D:9      | Noticed a large abomination
 10646 | D:9      | Noticed a large abomination
 10653 | D:9      | Noticed a two-headed ogre
 10664 | D:9      | Killed a two-headed ogre
 10666 | D:9      | Reached *** piety under Vehumet
 10905 | D:9      | Reached skill level 14 in Spellcasting
 11103 | D:9      | Found a runed translucent door.
 11286 | D:9      | Found a runed translucent door.
 11329 | D:9      | Reached XP level 11. HP: 61/61 MP: 25/31
 11592 | D:9      | Offered knowledge of Iskenderun's Mystic Blast by Vehumet.
 11610 | D:9      | Slain by a manticore

Illustrated notes

Levels and vault maps discovered:
D:1:      minmay_arrival_semitransparent, layout_loops_ring,
          hangedman_decor_lopped
D:2:      layout_basic, general_overflow_altar, minmay_liquid_box
D:3:      layout_loops_ring, gammafunk_ghost_nasty_kobolds,
          kennysheep_cross_room
D:4:      layout_loops_ring, old_standard_altar, small_statue_intersection
D:5:      layout_rooms, bloody_trog, overflow_temple_1_default,
          minmay_temple_entry_statues_pillars, uniq_sigmund,
          uniq_prince_ribbit1, uniq_edmund
D:6:      layout_layer_cave, uniq_duvessa
D:7:      layout_loops_ring, enter_ossuary_3, chequers_serial_rivers_micro_b
D:8:      layout_cave_pods, serial_park_tiny_pond, chequers_decorated_corner,
          minmay_misc_feat_rows, minmay_lizard_king, uniq_erica
D:9:      cheibrodos_histonic, layout_loops_ring, minmay_orc_entry_guard_dogs,
          laboratory
Temple:   compressed_dpeg_circular_temple

Skill      XL: |  1  2  3  4  5  6  7  8  9 10 |
---------------+-------------------------------+-----
Spellcasting   | 5 6 7 9 10 12 14 | 14.1
Conjurations   | 2 3 4 5 7 8 |  8.4
Armour         | 1 3 4 |  4.3
Fighting       | 1 2 3 4 |  4.0
Dodging        | 3 |  3.0
Fire Magic     | 1 3 4 6 7 |  7.7
Stealth        | 3 |  3.1
Air Magic      | 1 |  1.2
Poison Magic   | 1 |  1.1
Evocations     | 1 |  1.0
Summonings     | |  1.1
Translocations | |  1.1

Action                   |  1- 3 |  4- 6 |  7- 9 | 10-12 || total
-------------------------+-------+-------+-------+-------++-------
Melee: Dagger            |     1 |    19 |       |       ||    20
       Whip              |       |    13 |    88 |    25 ||   126
 Cast: Magic Dart        |    98 |    57 |   217 |    50 ||   422
       Call Imp          |       |     5 |     6 |     3 ||    14
       Conjure Flame     |       |     5 |    19 |     7 ||    31
       Mephitic Cloud    |       |     6 |    27 |     7 ||    40
       Blink             |       |       |     3 |     1 ||     4
       Stone Arrow       |       |       |       |    39 ||    39
  Use: Potion            |       |     2 |     1 |       ||     3
 Stab: Confused          |       |     3 |     4 |     2 ||     9
       Sleeping          |       |       |     1 |       ||     1
Armor: Leather armour    |       |     7 |    14 |     3 ||    24
Dodge: Dodged            |     3 |    19 |    54 |    27 ||   103

Table legend: (Time is in decaauts)
 A = Elapsed time spent in this place.
 B = Non-inter-level travel time spent in this place.
 C = Inter-level travel time spent in this place.
 D = Time resting spent in this place.
 E = Time spent auto-exploring this place.
 F = Levels seen in this place.
 G = Mean time per level.
                   A        B        C        D        E       F      G
               +--------+--------+--------+--------+--------+-----+--------+
         Total |  11640 |  11406 |    234 |    877 |   8935 |  11 | 1058.2 |
       Dungeon |  11221 |  10998 |    223 |    832 |   8715 |   9 | 1246.8 |
        Temple |     30 |     19 |     11 |      0 |     10 |   1 |   30.0 |
       Ossuary |    388 |    388 |      0 |     45 |    210 |   1 |  388.0 |
               +--------+--------+--------+--------+--------+-----+--------+

Top non-repeatable levels by time:
     D:8: 2137 daAuts
     D:6: 1472 daAuts
     D:9: 1461 daAuts
     D:3: 1459 daAuts
     D:2: 1090 daAuts
     D:5: 1028 daAuts
     D:4: 903 daAuts
     D:1: 888 daAuts
     D:7: 779 daAuts
 Ossuary: 388 daAuts
  Temple: 30 daAuts
